 Dungeon Crawl Stone Soup version 0.29.1-debian-1-gc3f1650bb9 (webtiles) character file.

Game seed: 9707859469517145670

11 Pilot the Shield-Bearer (level 2, 0/24 HPs)
             Began as a Formicid Fighter on Sept 12, 2022.
             Slain by a jackal (1 damage)
             ... on level 2 of the Dungeon.
             The game lasted 00:01:46 (301 turns).

Pilot the Shield-Bearer (Formicid Fighter)           Turns: 301, Time: 00:01:47

Health: 0/24       AC: 12    Str: 20    XL:     2   Next: 40%
Magic:  2/2        EV:  5    Int:  7    God:
Gold:   44         SH:  5    Dex: 13    Spells: 1/1 levels left

rFire   . . .      SeeInvis +   a - +0 long sword
rCold   . . .      Faith    .   c - +0 buckler
rNeg    . . .      Spirit   .   e - +0 plate armour
rPois   .          Reflect  .   (helmet unavailable)
rElec   .          Harm     .   (no cloak)
rCorr   .          Rampage  .   g - +0 pair of gloves
Will    .....                   (no boots)
Stlth   ..........              (no amulet)
HPRegen 0.08/turn               (no ring)
MPRegen 0.08/turn               (no ring)

@: no status effects
A: permanent stasis, dig shafts and tunnels, antennae 3, four strong arms
a: Dig, Shaft Self


You were on level 2 of the Dungeon.
You visited 1 branch of the dungeon, and saw 2 of its levels.

You collected 44 gold pieces.

Inventory:

Hand Weapons
 a - a +0 long sword (weapon)
Armour
 b - a +0 scale mail
 c - a +0 buckler (worn)
 e - a +0 plate armour (worn)
 g - a +0 pair of gloves (worn)
Scrolls
 i - a scroll of magic mapping {unknown}
Potions
 d - a potion of might
 f - a potion of degeneration {unknown}
 h - a potion of brilliance {unknown}


   Skills:
 + Level 3.4 Fighting
 - Level 2.0 Long Blades
 + Level 3.4 Armour
 + Level 0.4 Dodging
 + Level 0.7 Stealth
 + Level 4.2 Shields


You had one spell level left.
You didn't know any spells.
Your spell library was empty.

Dungeon Overview and Level Annotations

Branches:
Dungeon (1/15)

Altars:


Innate Abilities, Weirdness & Mutations

You cannot be hasted, slowed, berserked, paralysed or teleported.
You can dig through walls and to a lower floor.
You have a pair of large antennae on your head. (SInv)
Your four strong arms can wield two-handed weapons with a shield.


Message History

The jackal is heavily wounded.
You block the jackal's attack.
The jackal bites you but does no damage.
You slash the jackal!
You kill the jackal!
A jackal comes into view.
Found a scroll labelled LYUHUI IMISSAHI.
A jackal comes into view.
The jackal barks!
The jackal bites you but does no damage. x2
You slash the jackal!
You kill the jackal!
The jackal bites you but does no damage.
An ogre comes into view. It is wielding a +0 giant spiked club.
The ogre shouts!
You hear an angry hiss.
The jackal bites you but does no damage. x2
You see here a jackal corpse.
You hit the jackal.
The jackal is almost dead.
You block the jackal's attack.
A ball python comes into view.
The jackal barely misses you. You block the jackal's attack.
The jackal attacks as you move away!
The jackal bites you but does no damage.
The jackal attacks as you move away! The jackal completely misses you.
The jackal barely misses you.
You closely miss the jackal.
The jackal is almost dead.
The jackal barely misses you. x2
The jackal bites you.
The jackal bites you but does no damage.
You miss the jackal.
The jackal is almost dead.
The jackal bites you but does no damage.
The ogre hits you with a +0 giant spiked club!!
Ouch! That really hurt!
* * * LOW HITPOINT WARNING * * *
The jackal bites you.
You die...

#.........# #.........#
#.........# #.†)†.....###
.. #.........#.. ...
######..###.# ######...
######..##.# #........
..........#.### #........
............@h###...?....
.........##.#OS.#........
.........##.###..†.......
#######+###.# ###........
#+# #........ #........
......... .........
..S......


You could see an ogre, a jackal and a ball python.

Vanquished Creatures
  A ball python (D:2)
  A goblin (D:2)
  A hobgoblin (D:1)
  2 jackals (D:2)
  A quokka (D:1)
  A bat (D:2)
  A frilled lizard (D:1)
  A kobold (D:1)
  2 rats
11 creatures vanquished.

Notes
Turn   | Place    | Note
-------+----------+-------------------------------------------
     0 | D:1      | Pilot the Formicid Fighter began the quest for the Orb.
     0 | D:1      | Reached XP level 1. HP: 18/18 MP: 1/1
   201 | D:1      | You fall into a shaft and drop 1 floor!
   214 | D:2      | Reached XP level 2. HP: 22/24 MP: 2/2
   291 | D:2      | Noticed an ogre
   301 | D:2      | HP: 1/24 [ogre/+0 giant spiked club (22)]
   301 | D:2      | Slain by a jackal

Illustrated notes

Levels and vault maps discovered:
D:1:      co_arrival_square_in_a_square_in_a_square, layout_basic
D:2:      layout_basic

Action                   || total
-------------------------++-------
Melee: Long sword        ||    34
Armor: Plate armour      ||    32
       Scale mail        ||     3
Dodge: Dodged            ||    15
Block: Buckler           ||     9
